 Dungeon Crawl Stone Soup version 0.28.0 (webtiles) character file.

Game seed: 14449367468198762645

76 pkoi the Conjurer (level 4, -9/36 HPs)
             Began as a Draconian Conjurer on Feb 7, 2022.
             Mangled by Ijyb (10 damage)
             ... on level 2 of the Dungeon.
             The game lasted 00:03:21 (2648 turns).

pkoi the Conjurer (Draconian Conjurer)              Turns: 2648, Time: 00:03:21

Health: -9/36      AC:  6    Str: 10    XL:     4   Next: 12%
Magic:  1/8        EV: 12    Int: 20    God:
Gold:   45         SH:  0    Dex: 11    Spells: 1/8 levels left

rFire   . . .      SeeInvis .   b - +0 whip
rCold   . . .      Faith    .   (no shield)
rNeg    . . .      Spirit   .   (armour unavailable)
rPois   .          Reflect  .   (helmet restricted)
rElec   .          Harm     .   (no cloak)
rCorr   .          Rampage  .   a - +0 pair of gloves
Will    .....                   (no boots)
Stlth   ++........              (no amulet)
HPRegen 0.12/turn               (no ring)
MPRegen 0.11/turn               (no ring)

@: hasted, very quick
A: AC +5, unfitting armour, cold-blooded, agile 1, robust 1
a: no special abilities


You were on level 2 of the Dungeon.
You visited 1 branch of the dungeon, and saw 3 of its levels.

You collected 45 gold pieces.

Inventory:

Hand Weapons
 b - a +0 whip (weapon)
Armour
 a - a +0 pair of gloves (worn)
Magical Staves
 d - a staff of cold
 h - a staff of poison
 i - a staff of death
Scrolls
 c - a scroll of teleportation
 e - a scroll of fog


   Skills:
 - Level 1.7 Dodging
 - Level 1.7 Stealth
 + Level 2.8 Spellcasting
 * Level 5.2 Conjurations


You had one spell level left.
You knew the following spells:

 Your Spells              Type           Power      Damage    Failure   Level
a - Magic Dart            Conj           92%        1d7       1%          1
b - Searing Ray           Conj           46%        2d6       2%          2
c - Iskenderun's Mystic   Conj/Tloc      13%        2d5       45%         4

Your spell library contained the following spells:

 Spells                   Type           Power      Damage    Failure   Level
 Dazzling Flash           Conj/Hex       26%        N/A       16%         3
 Fulminant Prism          Conj/Hex       6%         3d7       45%         4


Dungeon Overview and Level Annotations

Branches:
Dungeon (3/15)

Altars:

Shops:
D:2 *

Annotations:
D:2 Ijyb
D:3 Grinder, Sigmund


Innate Abilities, Weirdness & Mutations

Your plain brown scales are hard. (AC +5)
You cannot fit into any form of body armour.
You are cold-blooded and may be slowed by cold attacks.
You are agile. (Dex +2)
You are robust. (+10% HP)


Message History

The searing ray hits Ijyb but does no damage.
Ijyb is moderately wounded.
The giant cockroach bites you but does no damage.
Ijyb closely misses you.
Unknown command.
The searing ray hits Ijyb but does no damage.
Ijyb is moderately wounded.
The giant cockroach closely misses you. Ijyb closely misses you.
The searing ray hits Ijyb!
Ijyb is severely wounded.
You finish channelling your searing ray.
The giant cockroach misses you. Ijyb hits you with a +7 club!
* * * LOW HITPOINT WARNING * * *
Unknown command.
The giant cockroach bites you but does no damage.
Ijyb hits you with a +7 club!
* * * LOW HITPOINT WARNING * * *
The giant cockroach barely misses you.
Unknown command.
Casting: Searing Ray (safe; 2% risk of failure)
Confirm with . or Enter, or press ? or * to list all spells.
Aiming: Searing Ray (safe; 2% risk of failure)
Press: ? - help, Shift-Dir - straight line, f/p - Ijyb
Aim: Ijyb, wielding a +7 club, wearing a +0 scale mail and carrying a wand of iceblast (4) (severely wounded, 75% to hit)
The searing ray misses Ijyb. (Press . to maintain the ray.)
The giant cockroach waves its antennae.
The giant cockroach closely misses you. Ijyb barely misses you.
The searing ray misses Ijyb.
The giant cockroach closely misses you. Ijyb hits you with a +7 club.
* * * LOW HITPOINT WARNING * * *
Unknown command.
Without enough magic to sustain it, your searing ray dissipates.
The giant cockroach bites you.
* * * LOW HITPOINT WARNING * * *
Ijyb closely misses you.
You feel yourself speed up.
The giant cockroach waves its antennae.
The giant cockroach closely misses you. Ijyb hits you with a +7 club!
You die...

##.##..# ##.....## #†#
#.#...###.......# #.#
##...#..##.......# #.#
....##...........####.#
##.......#............#
#.#.#..###.....#######
##..##.## ##.....#
).......###....†g#
###.#.#..#......@# #
#.#.#.#.###.##B#
###.#.#.### #.##.#
.##.#.#.# #.##.#
#.#.#.#.# #.##.##
##.(#.#.#
#.#...########
......#.#
#............#
##..#...#
###...######.#
#.....#.# ##.## #.#


You could see Ijyb and a giant cockroach.

Vanquished Creatures
  3 adders (D:2)
  2 dart slugs
  5 ball pythons
  5 bats
  2 endoplasms (D:1)
  3 giant cockroaches
  3 goblins
  5 hobgoblins
  3 jackals (D:1)
  3 kobolds
  A quokka (D:1)
  5 frilled lizards
  3 rats
43 creatures vanquished.

Notes
Turn   | Place    | Note
-------+----------+-------------------------------------------
     0 | D:1      | pkoi the Draconian Conjurer began the quest for the Orb.
     0 | D:1      | Reached XP level 1. HP: 14/14 MP: 3/3
   336 | D:1      | Reached XP level 2. HP: 19/20 MP: 0/5
   513 | D:1      | You fall into a shaft and drop 1 floor!
   747 | D:1      | Found a faded altar of an unknown god.
   897 | D:1      | Reached XP level 3. HP: 26/26 MP: 3/6
  1803 | D:2      | Reached skill level 5 in Conjurations
  2003 | D:1      | Learned a level 2 spell: Searing Ray
  2015 | D:2      | Found Jacelof's Assorted Antiques.
  2175 | D:2      | Gained mutation: You are robust. (+10% HP) [potion of
                  | mutation]
  2175 | D:2      | Gained mutation: You are agile. (Dex +2) [potion of
                  | mutation]
  2439 | D:3      | Noticed Sigmund
  2439 | D:3      | Noticed Grinder
  2494 | D:3      | Noticed Ijyb
  2500 | D:2      | Reached XP level 4. HP: 20/36 MP: 5/8
  2636 | D:2      | Learned a level 4 spell: Iskenderun's Mystic Blast
  2647 | D:2      | HP: 1/36 [giant cockroach (1)]
  2648 | D:2      | Mangled by Ijyb

Illustrated notes

Levels and vault maps discovered:
D:1:      dpeg_arrival_signposts, layout_loops_corners,
          hellmonk_ecumenical_altar_prayer_group, nrook_mini_backslash,
          serial_bayou_pond_e
D:2:      layout_loops_ring, serial_shops,
          nicolae_shop_competitors_out_of_business
D:3:      layout_basic, uniq_ijyb, uniq_sigmund, uniq_grinder

Skill      XL: |  1  2  3 |
---------------+----------+-----
Conjurations   | 5 |  5.2
Dodging        | |  1.7
Stealth        | |  1.7
Spellcasting   | |  2.8

Action                   |  1- 3 |  4- 6 || total
-------------------------+-------+-------++-------
Melee: Whip              |    54 |       ||    54
       Tailslap          |     5 |       ||     5
       Punch             |     2 |       ||     2
 Cast: Magic Dart        |    70 |       ||    70
       Searing Ray       |       |     2 ||     2
  Use: Scroll            |     4 |       ||     4
       Potion            |     3 |     1 ||     4
 Stab: Sleeping          |     2 |       ||     2
Armor: Skin              |    24 |     3 ||    27
Dodge: Dodged            |    47 |    12 ||    59
